 Dungeon Crawl Stone Soup version 0.23.0 (webtiles) character file.

Game seed: 14206860537467290582

14096 Kondrat the Protected (level 12, -3/102 HPs)
             Began as a Formicid Fighter on Feb 9, 2019.
             Was a High Priest of Okawaru.
             Killed by divine providence
             ... invoked by a meliai
              (9 damage)
             ... on level 15 of the Dungeon.
             The game lasted 00:37:35 (16193 turns).

Kondrat the Protected (Formicid Fighter)           Turns: 16193, Time: 00:37:36

Health: -3/102     AC: 22    Str: 25    XL:     12   Next: 40%
Magic:  10/12      EV: 10    Int:  9    God:    Okawaru [*****.]
Gold:   506        SH: 13    Dex: 10    Spells: 11/11 levels left

rFire    . . .     SeeInvis +   I - +0 battleaxe
rCold    + . .     Gourm    .   c - +0 shield
rNeg     . . .     Faith    .   H - +1 plate armour {rPois}
rPois    +         Spirit   .   (helmet unavailable)
rElec    .         Reflect  .   (no cloak)
rCorr    .         Harm     .   s - +0 pair of gloves
MR       +....                  E - +0 pair of boots
Stlth    ..........             (no amulet)
HPRegen  0.27/turn              x - ring of protection from cold
MPRegen  0.13/turn              F - ring of stealth

@: heroism
A: permanent stasis, dig shafts and tunnels, four strong arms, antennae 3
a: Dig, Shaft Self, Heroism, Finesse, Renounce Religion


You were on level 15 of the Dungeon.
You worshipped Okawaru.
Okawaru was extremely pleased with you.
You were hungry.

You visited 2 branches of the dungeon, and saw 15 of its levels.

You collected 608 gold pieces.
You spent 102 gold pieces at shops.

Inventory:

Hand Weapons
 a - a +0 quarterstaff
 I - a +0 battleaxe (weapon)
Armour
 c - a +0 shield (worn)
 s - a +0 pair of gloves (worn)
 E - a +0 pair of boots (worn)
 H - a +1 plate armour of poison resistance (worn)
Jewellery
 x - a ring of protection from cold (left hand)
 F - a ring of stealth (right hand)
Wands
 q - a wand of enslavement (11)
 t - a wand of paralysis (16)
 w - a wand of digging (4)
 A - a wand of polymorph (9)
 C - a wand of flame (4)
Scrolls
 b - a scroll of blinking {unknown}
 e - 3 scrolls of immolation {unknown}
 h - a scroll of random uselessness {unknown}
 i - 5 scrolls of remove curse
 j - 4 scrolls of amnesia {unknown}
 l - 6 scrolls of identify
 m - 2 scrolls of magic mapping
 u - 2 scrolls of enchant armour {unknown}
 v - 3 scrolls of fog {unknown}
 y - 5 scrolls of teleportation {unknown}
Potions
 g - a potion of curing
 k - a potion of lignification {unknown}
 n - a potion of mutation {unknown}
 o - a potion of resistance {unknown}
 p - 3 potions of flight
 r - a potion of degeneration
 z - 4 potions of haste
 D - a potion of brilliance
 G - a potion of cancellation
Miscellaneous
 d - a lamp of fire (inert)
Comestibles
 f - 18 rations
 B - 3 chunks of flesh


   Skills:
 - Level 12.1(17.1) Fighting
 + Level 9.5(14.5) Axes
 - Level 2.0(7.0) Staves
 - Level 12.2(17.2) Armour
 - Level 9.0(14.0) Shields


You had 11 spell levels left.
You didn't know any spells.
Your spell library contained the following spells:

 Spells                   Type           Power        Failure   Level  Hunger
 Animate Skeleton         Necr           N/A          95%         1    ##.....
 Apportation              Tloc           #.....       95%         1    ##.....
 Confusing Touch          Hex            #.....       95%         1    ##.....
 Sandblast                Erth           #.....       95%         1    ##.....
 Summon Small Mammal      Summ           #...         95%         1    ##.....
 Passwall                 Tmut/Erth      #.......     98%         2    ###....
 Stone Arrow              Conj/Erth      #.....       100%        3    ####...
 Petrify                  Tmut/Erth      #.......     100%        4    #####..
 Lee's Rapid Deconstruct  Erth           #.........   100%        5    ######.


Dungeon Overview and Level Annotations

Branches:
Dungeon (15/15)            Temple (1/1) D:6            Lair (0/6) D:10
    Orc: D:9-12      Vaults: D:13-14     Depths: D:15

Altars:
Ashenzari
Cheibriados
Dithmenos
Elyvilon
Fedhas
Gozag
Hepliaklqana
Kikubaaqudgha
Makhleb
Nemelex Xobeh
Okawaru
Qazlal
Ru
Sif Muna
Trog
Uskayaw
Vehumet
Wu Jian
Xom
Yredelemnul
Zin
The Shining One

Shops:
D:5 ?   D:10 (

Annotations:
D:12 Snorg
D:14 Louise


Innate Abilities, Weirdness & Mutations

You cannot be hasted, slowed, berserked, paralysed or teleported.
You can dig through walls and to a lower floor.
Your four strong arms can wield two-handed weapons with a shield.
You have a pair of large antennae on your head. (SInv)


Message History

Unknown command.
Okay, then.
You retract your mandibles.
You extend your mandibles.
You dig through the rock wall.
You hear an angry buzzing noise.
You hear a shout! x2
The centaur shoots an arrow.
The arrow hits you but does no damage.
The centaur warrior wields a +0 longbow.
The centaur warrior shoots an arrow.
You block the arrow.
A meliai comes into view. It is wielding a +0 hand axe.
A bullfrog comes into view.
The centaur wields a +0 shortbow.
The centaur shoots an arrow.
The arrow barely misses you.
You see here 3 arrows.
Unknown command.
You dig through the rock wall.
The centaur warrior shoots an arrow.
The arrow closely misses you.
The meliai mumbles some strange prayers to its god against you.
Something smites you!
You die...

.. .# .#
###'## #....#
# +....# .##
#....# ....
#@## ^....
#####(##.{....
#.(...(ccy....
#.######cF....
{cy... y...
o.. .. .


You could see a centaur warrior, 2 meliai, a bullfrog, 2 centaurs and an orc.

Vanquished Creatures
  A hydra (D:11)
  A catoblepas (D:14)
  A two-headed ogre (D:10)
  A centaur warrior (D:15)
  The ghost of lyphon the Firebug, a novice DrFE of Vehumet (D:7)
  The ghost of Cab the Cleaver, a novice DsBe of Trog (D:7)
  The ghost of PeterQ the Slicer, a novice DsGl (D:7)
  An ugly thing (D:10)
  A cyclops (D:11)
  The ghost of Seven the Jinx, a novice SpEn of Dithmenos (D:7)
  4 slime creatures (D:12)
  2 hippogriffs
  A spriggan (D:8)
  A vampire (D:9)
  6 yaks
  A water moccasin (D:10)
  A porcupine (D:10)
  A black bear (D:10)
  A necrophage (D:7)
  5 ice beasts
  3 phantoms
  2 sky beasts
  8 orc warriors
  9 ogres
  5 centaurs
  A crocodile (D:10)
  2 big kobolds
  9 bullfrogs
  A wyvern skeleton (D:10)
  6 scorpions
  8 howler monkeys
  8 crimson imps
  A jelly (D:8)
  A quasit (D:8)
  A bullfrog zombie (D:8)
  11 orc wizards
  6 centaur skeletons
  9 hounds
  2 bullfrog skeletons
  7 orc priests
  2 iguanas (D:9)
  Ijyb (D:5)
  4 worker ants
  A killer bee zombie (D:5)
  A hound zombie (D:7)
  A hound skeleton (D:4)
  A howler monkey skeleton (D:9)
  A worker ant zombie (D:9)
  12 gnolls
  15 adders
  A shadow imp (D:8)
  4 adder skeletons
  A worm (D:4)
  2 dart slugs (D:1)
  5 leopard geckos
  41 orcs
  2 ball pythons
  6 giant cockroaches
  10 goblins
  5 hobgoblins
  9 jackals
  21 kobolds
  5 quokkas
  6 bats
  2 frilled lizards (D:2)
  A leopard gecko skeleton (D:4)
  An orc skeleton (D:12)
  2 orc zombies (D:12)
  14 rats
310 creatures vanquished.

Vanquished Creatures (others)
  A hound (D:4)
  2 fungi (D:10)
  A plant (D:10)
4 creatures vanquished.

Grand Total: 314 creatures vanquished

Notes
Turn   | Place    | Note
-------+----------+-------------------------------------------
     0 | D:1      | Kondrat the Formicid Fighter began the quest for the Orb.
     0 | D:1      | Reached XP level 1. HP: 18/18 MP: 1/1
    96 | D:1      | Reached XP level 2. HP: 25/25 MP: 2/2
   110 | D:1      | You fall through a shaft!
   182 | D:2      | Reached XP level 3. HP: 18/31 MP: 3/3
   198 | D:2      | Reached skill level 5 in Fighting
   371 | D:2      | Found a bloodstained altar of Trog.
   383 | D:2      | Reached XP level 4. HP: 17/39 MP: 4/4
  1029 | D:2      | Found a hide-covered altar of Uskayaw.
  1030 | D:2      | Found a shattered altar of Ashenzari.
  1093 | D:1      | Reached XP level 5. HP: 44/46 MP: 5/5
  1937 | D:3      | Found a deep blue altar of Sif Muna.
  2162 | D:3      | Reached XP level 6. HP: 49/52 MP: 6/6
  2190 | D:4      | Noticed an ogre
  2241 | D:4      | Reached skill level 5 in Armour
  2560 | D:4      | Noticed a phantom
  2571 | D:4      | Noticed an ogre
  2736 | D:3      | Killed an ogre
  2736 | D:3      | Reached XP level 7. HP: 35/58 MP: 7/7
  3253 | D:4      | Reached skill level 5 in Shields
  3546 | D:4      | Found an opulent altar of Gozag.
  3700 | D:4      | Found a radiant altar of Vehumet.
  3742 | D:5      | Entered Level 5 of the Dungeon
  3742 | D:5      | Noticed Ijyb
  3760 | D:5      | Killed Ijyb
  3783 | D:5      | Reached XP level 8. HP: 63/64 MP: 8/8
  4429 | D:5      | Found Rall's Magic Scroll Emporium.
  4432 | D:5      | Bought a scroll of magic mapping for 42 gold pieces
  4432 | D:5      | Bought a scroll of remove curse for 36 gold pieces
  4432 | D:5      | Bought a scroll of identify for 24 gold pieces
  4455 | D:5      | Found an ornate altar of the Wu Jian Council.
  4615 | D:5      | Found a snail-covered altar of Cheibriados.
  4619 | D:5      | Found a glowing silver altar of Zin.
  4988 | D:5      | Reached XP level 9. HP: 20/69 MP: 9/9
  5280 | D:6      | Found a staircase to the Ecumenical Temple.
  5284 | Temple   | Entered the Ecumenical Temple
  5474 | Temple   | Became a worshipper of Warmaster Okawaru
  6514 | D:7      | Found a runed translucent gate.
  6515 | D:7      | Found a runed translucent gate.
  6515 | D:7      | Found a runed translucent gate.
  6516 | D:7      | Noticed lyphon's ghost (novice DrFE)
  6516 | D:7      | Noticed Seven's ghost (novice SpEn)
  6517 | D:7      | Noticed Cab's ghost (novice DsBe)
  6517 | D:7      | Noticed PeterQ's ghost (novice DsGl)
  6586 | D:7      | Reached * piety under Okawaru
  6953 | D:7      | You fall through a shaft!
  7115 | D:8      | Reached skill level 10 in Fighting
  7137 | D:8      | Reached XP level 10. HP: 39/85 MP: 10/10
  7761 | D:8      | Reached ** piety under Okawaru
  7882 | D:8      | Reached skill level 10 in Armour
  8691 | D:7      | Killed lyphon's ghost
  8850 | D:7      | Killed Seven's ghost
  9061 | D:7      | You fall through a shaft for 2 floors!
  9346 | D:9      | Reached *** piety under Okawaru
  9656 | D:9      | Found a stormy altar of Qazlal.
  9806 | D:9      | Reached XP level 11. HP: 24/93 MP: 9/11
 10406 | D:7      | Killed PeterQ's ghost
 10426 | D:7      | Killed Cab's ghost
 10599 | D:10     | Entered Level 10 of the Dungeon
 10599 | D:10     | Noticed a two-headed ogre
 10613 | D:9      | Reached **** piety under Okawaru
 11073 | D:10     | Killed a two-headed ogre
 11240 | D:9      | Reached skill level 1 in Axes
 11336 | D:10     | Found Nije's Antique Weapon Emporium.
 12555 | D:10     | Reached ***** piety under Okawaru
 12832 | D:10     | Found a staircase to the Lair.
 12930 | D:10     | Reached skill level 5 in Axes
 12976 | D:11     | Noticed a green ugly thing
 13586 | D:10     | Killed a cyan ugly thing
 13975 | D:11     | Noticed a four-headed hydra
 13995 | D:11     | Killed a four-headed hydra
 13995 | D:11     | Reached XP level 12. HP: 33/102 MP: 10/12
 15366 | D:12     | Received a gift from Okawaru
 15703 | D:12     | Noticed Snorg
 15720 | D:12     | You fall through a shaft for 2 floors!
 15720 | D:14     | Noticed a catoblepas
 15736 | D:15     | Entered Level 15 of the Dungeon
 16018 | D:15     | Noticed a centaur warrior
 16037 | D:15     | Killed a centaur warrior
 16136 | D:14     | Killed a catoblepas
 16171 | D:14     | Noticed Louise
 16191 | D:14     | You fall through a shaft!
 16191 | D:15     | HP: 5/102 [centaur/arrow[a centaur warrior] (10)]
 16191 | D:15     | Noticed a centaur warrior
 16193 | D:15     | Killed from afar by a meliai

Skill      XL: |  1  2  3  4  5  6  7  8  9 10 11 12 |
---------------+-------------------------------------+-----
Fighting       | 4 5 6 10 11 12 | 12.1
Armour         | 4 6 7 8 11 12 | 12.2
Shields        | 5 9 |  9.0
Axes           | 6 9 |  9.5
Staves         | |  2.0

Action                   |  1- 3 |  4- 6 |  7- 9 | 10-12 || total
-------------------------+-------+-------+-------+-------++-------
Melee: Quarterstaff      |    54 |   250 |   533 |   828 ||  1665
       Battleaxe         |       |       |       |   114 ||   114
Throw: Throwing net      |       |     1 |       |       ||     1
Invok: Heroism           |       |       |     2 |    31 ||    33
 Abil: Dig               |     3 |     3 |     9 |    27 ||    42
       Shaft Self        |     1 |       |       |     3 ||     4
Evoke: Wand              |       |       |       |    11 ||    11
       Lamp of fire      |       |       |       |     1 ||     1
       Phantom mirror    |       |       |       |     1 ||     1
  Use: Potion            |       |       |     2 |    10 ||    12
       Scroll            |       |       |     1 |       ||     1
 Stab: Held in net/web   |       |     1 |       |       ||     1
  Eat: Chunk             |       |     7 |    13 |    20 ||    40
       Ration            |       |       |     1 |     5 ||     6
Armor: Chain mail        |    18 |   134 |   236 |   190 ||   578
       Scale mail        |     3 |       |       |       ||     3
       Plate armour      |       |       |       |   301 ||   301
Dodge: Dodged            |    12 |    64 |   155 |   315 ||   546
Block: Shield            |    35 |   129 |   288 |   603 ||  1055
